 Dungeon Crawl Stone Soup version 0.25.1-2-g60ff931df9 (webtiles) character file.

Game seed: 12873939115601862933

154844 hehateme the Bludgeoner (level 17, -1/120 HPs)
             Began as a Gargoyle Fighter on Oct 24, 2020.
             Was the Champion of Okawaru.
             Slain by a sea snake (3 damage)
             ... on level 4 of the Shoals.
             The game lasted 04:03:17 (35935 turns).

hehateme the Bludgeoner (Gargoyle Fighter)         Turns: 35935, Time: 04:03:18

Health: -1/120     AC: 35    Str: 34    XL:     17   Next: 63%
Magic:  17/17      EV:  9    Int:  6    God:    Okawaru [******]
Gold:   859        SH:  5    Dex:  9    Spells: 16/16 levels left

rFire    . . .     SeeInvis .   g - +8 great mace of Bacibius {vorpal, *Slow rPois Str+8 Int-4}
rCold    + + .     Gourm    .   (shield currently unavailable)
rNeg     + . .     Faith    .   v - +1 chain mail {rC+}
rPois    ∞         Spirit   .   u - +1 helmet
rElec    +         Reflect  +   V - +2 cloak {MR+}
rCorr    .         Harm     .   D - +1 pair of gloves
MR       +++..                  (no boots)
Stlth    ..........             K - amulet of reflection
HPRegen  0.30/turn              y - ring of protection from cold
MPRegen  0.15/turn              z - ring of protection from magic

@: flying
A: big wings, negative energy resistance 1, electricity resistance, unbreathing,
petrification resistance, rot immunity, AC +12
a: Stop Flying, Heroism, Finesse, Renounce Religion


You were on level 4 of the Shoals.
You worshipped Okawaru.
Okawaru was exalted by your worship.
You were very hungry.

You visited 6 branches of the dungeon, and saw 30 of its levels.

You collected 2249 gold pieces.
You spent 1390 gold pieces at shops.

Inventory:

Hand Weapons
 g - the +8 great mace of Bacibius (weapon) {vorpal, *Slow rPois Str+8 Int-4}
   (You found it on level 7 of the Dungeon)

   It inflicts extra damage upon your enemies.
   It affects your strength (+8).
   It affects your intelligence (-4).
   It protects you from poison.
   It may slow you when you take damage.
Missiles
 q - 18 silver javelins (quivered)
Armour
 d - +0 acid dragon scales
 u - a +1 helmet (worn)
 v - a +1 chain mail of cold resistance (worn)
 w - a +2 scale mail of magic resistance
 D - a +1 pair of gloves (worn)
 R - the +2 cloak "Loaxigg" {Slay+3}
   (Okawaru gifted it to you on level 2 of the Lair of Beasts)

   It affects your accuracy and damage with ranged weapons and melee attacks
   (+3).
 V - a +2 cloak of magic resistance (worn)
 Z - a +0 chain mail of fire resistance
Jewellery
 h - a cursed ring of teleportation
 x - an uncursed ring of protection from fire
 y - a ring of protection from cold (left hand)
 z - a ring of protection from magic (right hand)
 K - an amulet of reflection (around neck)
 Y - an uncursed ring of resist corrosion
Wands
 a - a wand of enslavement (8)
 p - a wand of iceblast (24)
 r - a wand of paralysis (10)
 F - a wand of polymorph (8)
 G - a wand of acid (17)
 M - a wand of clouds (6)
 N - a wand of disintegration (10)
 Q - a wand of digging (9)
Scrolls
 j - 2 scrolls of fog
 k - 3 scrolls of fear
 l - a scroll of teleportation
 m - a scroll of summoning {unknown}
 n - 10 scrolls of remove curse
 o - 5 scrolls of enchant armour
 s - 5 scrolls of identify
 t - a scroll of brand weapon {unknown}
 L - 4 scrolls of amnesia
 P - 2 scrolls of vulnerability {unknown}
 T - 5 scrolls of enchant weapon
Potions
 b - a potion of stabbing
 e - 2 potions of cancellation
 i - a potion of berserk rage {unknown}
 A - 3 potions of haste
 B - 4 potions of curing
 C - a potion of magic
 O - 2 potions of resistance
 U - a potion of might
Miscellaneous
 c - a phantom mirror
 E - a phial of floods
Comestibles
 f - 17 rations


   Skills:
 + Level 18.7 Fighting
 + Level 20.1 Maces & Flails
 * Level 14.0 Armour
   Level 7.1 Shields
 + Level 0.1 Evocations


You had 16 spell levels left.
You didn't know any spells.
Your spell library contained the following spells:

 Spells                   Type           Power        Failure   Level  Hunger
 Freeze                   Ice            #...         82%         1    ##.....
 Summon Small Mammal      Summ           #...         82%         1    ##.....
 Call Imp                 Summ           #.......     91%         2    ###....
 Call Canine Familiar     Summ           #.......     99%         3    ####...
 Frozen Ramparts          Ice            #.....       99%         3    ####...
 Ozocubu's Armour         Chrm/Ice       #.......     99%         3    ####...
 Summon Guardian Golem    Hex/Summ       #.......     99%         3    ####...
 Hailstorm                Conj/Ice       #.......     100%        4    #####..
 Summon Ice Beast         Ice/Summ       #.......     100%        4    #####..
 Summon Lightning Spire   Summ/Air       #.......     100%        4    #####..


Dungeon Overview and Level Annotations

Branches:
Dungeon (15/15)            Temple (1/1) D:6            Lair (6/6) D:11
 Shoals (4/4) Lair:4        Snake (0/4) Lair:4        Slime (0/5) Lair:6
    Orc (2/2) D:9             Elf (0/3) Orc:2        Vaults (0/5) D:13
 Depths (2/5) D:15

Altars:
Ashenzari
Cheibriados
Dithmenos
Elyvilon
Fedhas
Gozag
Hepliaklqana
Makhleb
Nemelex Xobeh
Okawaru
Qazlal
Ru
Sif Muna
Uskayaw
Vehumet
Wu Jian
Xom
Yredelemnul
Zin
The Shining One
Beogh
Jiyva
Lugonu

Shops:
D:5 *   D:6 ?   D:7 (   D:10 [   D:11 %   D:15 [   Orc:1 [?[=   Orc:2 ([*=
Depths:1 [

Portals:
Hell: Depths:1
Abyss: Depths:1
Ziggurat: Depths:1

Annotations:
D:1 exclusion: downstairs
D:2 exclusions: upstairs and 1 more exclusion, Jessica, Sigmund
D:4 exclusions: upstairs and 1 more exclusion, Grinder
D:5 1 runed translucent door, exclusions: downstairs and upstairs, Crazy Yiuf
D:6 3 runed translucent doors, Fractals's ghost, novice KoWn
D:8 exclusion: downstairs
D:9 exclusion: upstairs, Erolcha
D:10 exclusions: 2 downstairs and upstairs
D:11 2 runed translucent doors, exclusion: orange crystal statue
D:15 1 runed translucent door
Lair:4 exclusion: 5 oklob plants
Lair:6 3 runed translucent doors, MackTuesday's ghost, journeyman MiBe


Innate Abilities, Weirdness & Mutations

You are resistant to torment.
Your stone body is resilient. (AC +12)
You are immune to poison.
Your large and strong wings let you fly indefinitely.
You resist negative energy. (rN+)
You are resistant to electric shocks. (rElec)
You can survive without breathing.
You are immune to petrification.
You are immune to rotting.


Message History

A sea snake comes into view.
Aiming: Paralyse
Press: ? - help, Shift-Dir - straight line, f - sea snake
Aim: a sea snake (water, wandering, hasn't noticed you, chance to defeat MR: 28%)
The sea snake easily resists.
Okay, then.
Aiming: Enslavement
Press: ? - help, Shift-Dir - straight line, f/p - sea snake
Aim: a sea snake (water, chance to defeat MR: 28%)
The sea snake easily resists.
The merfolk shouts!
The merfolk impaler shouts!
You bludgeon the sea snake!!
The sea snake is heavily wounded.
The sea snake bites you!
* * * LOW HITPOINT WARNING * * *
You completely miss the sea snake.
The sea snake is heavily wounded.
The sea snake bites you.
You die...

≈≈≈≈≈≈≈≈≈≈≈≈≈≈≈≈≈≈≈≈≈≈
≈≈≈≈≈≈≈≈≈≈≈≈≈≈≈≈≈≈≈≈≈≈
≈≈≈≈≈≈≈≈≈≈≈≈≈≈≈m≈≈≈≈≈≈
≈≈≈≈≈≈≈≈≈≈≈≈≈≈≈≈≈≈≈≈≈≈
≈≈≈≈≈≈≈≈≈≈≈≈≈≈m≈≈≈≈≈≈≈
≈≈≈≈≈≈≈≈≈≈≈≈≈≈≈≈≈≈≈≈≈≈
≈≈≈≈≈≈≈≈≈≈≈≈≈≈≈≈≈≈≈≈≈≈
≈≈≈≈≈≈≈≈≈≈≈≈≈≈S≈≈≈≈≈≈≈
≈≈≈≈≈≈≈≈≈≈≈≈≈≈@≈≈≈≈≈≈≈
######################


You could see a merfolk impaler, a sea snake and a merfolk.

Vanquished Creatures
  Frances (Lair:4)
  A sphinx (Depths:1)
  Ilsuiw (Shoals:2)
  An orc warlord (Orc:2)
  2 frost giants
  2 stone giants
  Nessos (Lair:4)
  A vampire knight (Depths:1)
  2 merfolk javelineers (Shoals:2)
  Snorg (D:13)
  3 merfolk impalers
  Harold (D:9)
  4 vault guards
  8 hydras
  A catoblepas (Lair:6)
  3 centaur warriors
  3 merfolk aquamancers
  2 merfolk avatars (Shoals:2)
  16 two-headed ogres
  5 death yaks
  Urug (D:13)
  4 ogre magi (Depths:1)
  2 tengu warriors
  4 orc high priests (Orc:2)
  A soul eater (Depths:1)
  2 unseen horrors
  A sea snake (Shoals:2)
  A swamp dragon (shapeshifter) (D:15)
  A wizard (D:15)
  6 orc knights
  A harpy (shapeshifter) (D:13)
  11 harpies
  A salamander (Depths:1)
  9 manticores
  3 deep elf magi
  7 orc sorcerers
  2 cyclopes
  2 black mambas
  6 centaur zombies
  Maurice (D:12)
  12 elephants
  7 water nymphs
  4 merfolk sirens
  30 spiny frogs
  3 gargoyles
  3 torpor snails
  4 rime drakes
  4 kobold demonologists
  2 ice devils (Lair:2)
  An efreet (D:15)
  A yaktaur (D:15)
  A tengu conjurer (D:14)
  5 komodo dragons
  6 trolls
  A polar bear (Lair:6)
  A wind drake (Shoals:1)
  4 red devils (Depths:1)
  A wolf spider simulacrum (D:15)
  A hornet (D:14)
  2 merfolk (shapeshifter)
  13 merfolk
  32 blink frogs
  3 tyrant leeches (Lair:6)
  14 slime creatures
  22 dream sheep
  2 meliai zombies
  9 snapping turtles
  7 hippogriffs
  2 shadows
  67 yaks
  Grum (D:8)
  4 hogs (D:9)
  5 wraiths
  Eustachio (D:6)
  7 water elementals
  A basilisk (Lair:4)
  4 wyverns
  A human (shapeshifter) (D:15)
  A hungry ghost (D:9)
  A human (D:9)
  18 vampire mosquitoes
  6 wargs
  3 acid dragons
  12 water moccasins
  Duvessa (D:5)
  6 porcupines
  A floating eye (Depths:2)
  4 ice beasts
  4 sky beasts
  A swamp drake (D:9)
  31 orc warriors
  6 phantoms
  A black bear (Lair:1)
  19 ogres
  A black bear (shapeshifter) (D:13)
  2 necrophages
  An eye of draining (D:10)
  4 wolves
  16 crocodiles
  5 centaurs
  8 big kobolds
  25 bullfrogs
  A wyvern zombie (D:11)
  2 wyvern skeletons
  Dowan (D:5)
  4 scorpions
  6 killer bees
  5 howler monkeys
  19 wights
  2 electric eels (Lair:6)
  7 crimson imps
  2 bullfrog zombies
  2 quasits (D:10)
  A gnoll shaman (Orc:1)
  6 hounds
  2 jellies
  24 orc priests
  5 centaur skeletons
  3 iguanas
  37 orc wizards
  Natasha (twice) (D:2)
  7 hell rats (Lair:2)
  11 worker ants
  2 hound skeletons
  A mummy (D:8)
  6 gnolls
  18 adders
  A river rat (shapeshifter) (D:13)
  3 shadow imps
  2 oozes
  An adder skeleton (D:6)
  An adder zombie (D:7)
  2 worms
  5 dart slugs
  6 leopard geckos
  104 orcs
  8 giant cockroaches
  3 goblins
  5 hobgoblins
  18 jackals
  5 quokkas
  3 ball pythons
  7 bats
  4 frilled lizards
  A jackal skeleton (D:7)
  21 kobolds
  A leopard gecko skeleton (D:4)
  3 quokka zombies
  4 rats
  A fungus (Lair:3)
  4 plants
979 creatures vanquished.

Vanquished Creatures (others)
  A merfolk aquamancer (Shoals:1)
  32 fungi
  77 plants
110 creatures vanquished.

Grand Total: 1089 creatures vanquished

Notes
Turn   | Place    | Note
-------+----------+-------------------------------------------
     0 | D:1      | hehateme the Gargoyle Fighter began the quest for the Orb.
     0 | D:1      | Reached XP level 1. HP: 14/14 MP: 1/1
   243 | D:1      | Reached XP level 2. HP: 19/19 MP: 2/2
   840 | D:1      | Reached XP level 3. HP: 13/23 MP: 3/3
   853 | D:1      | Reached skill level 3 in Maces & Flails
  1146 | D:1      | You fall into a shaft and drop 1 floor!
  1256 | D:2      | Reached XP level 4. HP: 27/28 MP: 4/4
  1285 | D:2      | Noticed Sigmund
  1451 | D:2      | Reached skill level 4 in Maces & Flails
  1730 | D:2      | Noticed Natasha
  1737 | D:2      | Killed Natasha
  1737 | D:2      | Reached XP level 5. HP: 32/32 MP: 5/5
  1826 | D:2      | Reached skill level 5 in Maces & Flails
  1871 | D:2      | Noticed Jessica
  2042 | D:2      | Noticed Natasha
  2051 | D:2      | Killed Natasha
  2409 | D:3      | Reached skill level 6 in Maces & Flails
  2409 | D:3      | Reached XP level 6. HP: 32/37 MP: 6/6
  3003 | D:4      | Got a masterwork buckler
  3063 | D:4      | Identified the cursed +0 buckler of Ycatauw {rElec rF++
                  | rCorr} (You found it on level 4 of the Dungeon)
  3144 | D:4      | Noticed a phantom
  3259 | D:4      | Killed a phantom
  3288 | D:4      | Noticed Grinder
  3422 | D:4      | Noticed a phantom
  3425 | D:5      | Entered Level 5 of the Dungeon
  3427 | D:5      | Reached skill level 7 in Maces & Flails
  3445 | D:5      | Reached XP level 7. HP: 25/41 MP: 7/7
  4267 | D:4      | Reached skill level 8 in Maces & Flails
  4482 | D:5      | Found a shattered altar of Ashenzari.
  4484 | D:5      | Found a hazy altar of Hepliaklqana.
  4486 | D:5      | Found a radiant altar of Vehumet.
  4488 | D:5      | Found a basalt altar of Yredelemnul.
  4489 | D:5      | Found a snail-covered altar of Cheibriados.
  4513 | D:5      | Found Nteucsu's Needful Niceties.
  4536 | D:6      | Found a runed translucent gate.
  4536 | D:6      | Found a runed translucent gate.
  4536 | D:6      | Noticed Eustachio
  4906 | D:5      | Found a runed translucent door.
  4907 | D:5      | Noticed Crazy Yiuf
  5122 | D:5      | Noticed Dowan
  5123 | D:5      | Noticed Duvessa
  5141 | D:5      | Killed Duvessa
  5141 | D:5      | Reached XP level 8. HP: 33/47 MP: 8/8
  5150 | D:5      | Killed Dowan
  5150 | D:5      | Reached skill level 9 in Maces & Flails
  5998 | D:7      | Reached skill level 5 in Fighting
  6063 | D:8      | Noticed Grum
  6078 | D:8      | Reached skill level 5 in Shields
  6092 | D:8      | Killed Grum
  6092 | D:8      | Reached XP level 9. HP: 27/55 MP: 9/9
  6343 | D:8      | Found a sand-covered staircase.
  6406 | D:9      | Found a shimmering altar of Xom.
  6406 | D:9      | Found a shimmering altar of Xom.
  6406 | D:9      | Found a shimmering altar of Xom.
  6406 | D:9      | Found a shimmering altar of Xom.
  6406 | D:9      | Found a shimmering altar of Xom.
  6523 | D:7      | Found Uklithat's Weapon Shop.
  6529 | D:7      | Got a sapphire great mace
  6534 | D:6      | Found a staircase to the Ecumenical Temple.
  6585 | D:7      | Identified the +8 great mace of Bacibius {vorpal, *Slow
                  | rPois Str+8 Int-4} (You found it on level 7 of the Dungeon)
  6999 | D:7      | Reached skill level 5 in Armour
  7649 | D:7      | Found a hide-covered altar of Uskayaw.
  7731 | D:6      | Found Oruq's Magic Scroll Emporium.
  7765 | D:6      | Noticed Fractals's ghost (novice KoWn)
  7833 | D:6      | Identified the +3 rapier "Zoreets" {vorpal, *Rage *Slow
                  | Int+6 Stlth+}
  7833 | D:6      | Identified the +3 chain mail "Turam" {rC+}
  7881 | D:6      | Killed Eustachio
  7885 | D:6      | Reached XP level 10. HP: 63/65 MP: 10/10
  8054 | Temple   | Entered the Ecumenical Temple
  8091 | Temple   | Became a worshipper of Warmaster Okawaru
  8308 | D:6      | Found a runed translucent gate.
  8317 | D:6      | Found a roughly hewn altar of Beogh.
  9054 | D:9      | Found a shimmering altar of Xom.
  9071 | D:9      | Found a shimmering altar of Xom.
  9072 | D:9      | Found a shimmering altar of Xom.
  9155 | D:10     | Entered Level 10 of the Dungeon
  9232 | D:9      | Reached skill level 10 in Maces & Flails
  9233 | D:9      | Reached * piety under Okawaru
  9242 | D:9      | Reached skill level 10 in Fighting
  9402 | D:9      | Noticed Erolcha
  9727 | D:9      | Reached ** piety under Okawaru
  9760 | D:10     | Noticed a two-headed ogre
  9799 | D:9      | Noticed a storm dragon
  9983 | D:10     | Reached skill level 11 in Maces & Flails
 10007 | D:10     | Reached XP level 11. HP: 73/73 MP: 11/11
 10059 | D:10     | Killed an unseen horror
 10059 | D:10     | Reached *** piety under Okawaru
 10298 | D:10     | Found Panyt's Antique Armour Shop.
 10890 | D:11     | Noticed a death yak
 10890 | D:11     | Noticed a cyclops
 11165 | D:9      | Found a staircase to the Orcish Mines.
 11479 | D:9      | Noticed a two-headed ogre
 11543 | D:11     | Reached **** piety under Okawaru
 11600 | D:11     | Noticed a death yak
 11600 | D:11     | Noticed a death yak
 11866 | D:11     | Reached skill level 12 in Maces & Flails
 11953 | D:10     | Killed a death yak
 12117 | D:11     | Noticed a death yak
 12117 | D:11     | Noticed a death yak
 12132 | D:10     | Killed a death yak
 12314 | D:10     | Killed a two-headed ogre
 12697 | D:11     | Reached XP level 12. HP: 73/81 MP: 12/12
 12725 | D:11     | Killed a death yak
 12725 | D:11     | Reached ***** piety under Okawaru
 12731 | D:11     | Killed a death yak
 12731 | D:11     | Received a gift from Okawaru
 12731 | D:11     | Reached skill level 13 in Maces & Flails
 12735 | D:11     | Killed a death yak
 12742 | D:11     | Found a staircase to the Lair.
 12833 | D:11     | Got a bloodstained mace {god gift}
 12834 | D:11     | Identified the +1 mace of Valuable Assets {vorpal, +Inv}
                  | (Okawaru gifted it to you on level 11 of the Dungeon)
 12910 | D:11     | Found a runed translucent door.
 13007 | D:11     | Found a runed translucent door.
 13026 | D:11     | Found a runed translucent door.
 13036 | D:11     | Found a runed translucent door.
 13150 | D:11     | Found Gotiq's Food Shoppe.
 13363 | Lair:1   | Entered Level 1 of the Lair of Beasts
 13837 | Lair:2   | Noticed an eight-headed hydra
 13849 | Lair:2   | Killed an eight-headed hydra
 14167 | Lair:2   | Found a sacrificial altar of Ru.
 14206 | Lair:2   | Noticed a five-headed hydra
 14214 | Lair:2   | Killed a five-headed hydra
 14214 | Lair:2   | Received a gift from Okawaru
 14214 | Lair:2   | Reached skill level 14 in Maces & Flails
 14219 | Lair:2   | Got a faintly humming cloak {god gift}
 14231 | Lair:2   | Identified the +2 cloak "Loaxigg" {Slay+3} (Okawaru gifted
                  | it to you on level 2 of the Lair of Beasts)
 14471 | Lair:2   | Reached XP level 13. HP: 89/89 MP: 13/13
 16711 | Lair:4   | Found a shimmering altar of Xom.
 16712 | Lair:4   | Found the +8 glaive of the Guard {elec, +Rage AC+5 SInv}
 17065 | Lair:4   | Reached skill level 15 in Maces & Flails
 17213 | Lair:4   | Found a staircase to the Shoals.
 17971 | Lair:4   | Found a staircase to the Snake Pit.
 18127 | Lair:4   | Noticed Nessos
 18149 | Lair:4   | Killed Nessos
 18149 | Lair:4   | Received a gift from Okawaru
 18734 | Lair:5   | Reached ****** piety under Okawaru
 18804 | Lair:5   | Reached skill level 15 in Fighting
 19250 | Lair:5   | Gained mutation: Your large and strong wings let you fly
                  | indefinitely. [Gargoyle growth]
 19250 | Lair:5   | Reached XP level 14. HP: 98/98 MP: 14/14
 19455 | Lair:6   | Entered Level 6 of the Lair of Beasts
 19455 | Lair:6   | Found a runed translucent gate.
 19455 | Lair:6   | Found a runed translucent gate.
 19455 | Lair:6   | Found a runed translucent gate.
 19455 | Lair:6   | Found a viscous altar of Jiyva.
 19455 | Lair:6   | Found a staircase to the Slime Pits.
 19517 | Lair:5   | Received a gift from Okawaru
 20417 | Lair:6   | Reached skill level 16 in Maces & Flails
 20524 | Lair:6   | Noticed MackTuesday's ghost (journeyman MiBe)
 20667 | Lair:6   | Reached skill level 10 in Armour
 21493 | Lair:5   | Received a gift from Okawaru
 22305 | Lair:6   | Reached XP level 15. HP: 91/105 MP: 15/15
 22473 | Lair:6   | Reached skill level 17 in Maces & Flails
 23443 | D:12     | Noticed Maurice
 23450 | D:12     | Killed Maurice
 24109 | D:13     | Noticed Snorg
 24118 | D:13     | Killed Snorg
 24432 | D:13     | Received a gift from Okawaru
 24492 | D:13     | Found a gate to the Vaults.
 24807 | D:13     | Noticed Urug
 24823 | D:13     | Killed Urug
 25439 | D:13     | Reached skill level 18 in Maces & Flails
 25727 | D:15     | Entered Level 15 of the Dungeon
 26366 | D:15     | Reached XP level 16. HP: 112/112 MP: 16/16
 26631 | D:15     | Received a gift from Okawaru
 26755 | D:15     | Found a runed translucent door.
 26756 | D:15     | Noticed a sphinx
 27085 | D:15     | Found a staircase to the Depths.
 27094 | Depths:1 | Entered Level 1 of the Depths
 27094 | Depths:1 | Found Toz Vig's Armour Shoppe.
 27178 | D:15     | Found a glowing golden altar of the Shining One.
 27409 | Depths:2 | Paralysed by a floating eye for 2 turns
 27909 | Depths:1 | Found an iron altar of Okawaru.
 28234 | Depths:1 | Found a corrupted altar of Lugonu.
 28238 | Depths:1 | Found a one-way gate to the infinite horrors of the Abyss.
 28241 | Depths:1 | Found a gateway to a ziggurat.
 28241 | Depths:1 | Noticed a daeva
 28241 | Depths:1 | Noticed a sphinx
 28267 | Depths:1 | Killed a sphinx
 28267 | Depths:1 | Reached skill level 19 in Maces & Flails
 29273 | Depths:1 | Received a gift from Okawaru
 29347 | Depths:1 | Found a gateway to Hell.
 29546 | Orc:1    | Entered Level 1 of the Orcish Mines
 29559 | Orc:1    | Noticed Harold
 29576 | D:9      | Killed Harold
 29963 | Orc:1    | Found Qiataata's Jewellery Boutique.
 30032 | Orc:1    | Found Nuifa's Antique Armour Shop.
 30088 | Orc:1    | Found Kuyff's Antique Armour Boutique.
 30286 | Orc:2    | Entered Level 2 of the Orcish Mines
 30726 | Orc:2    | Found a staircase to the Elven Halls.
 30842 | Orc:1    | Found Zaelomux's Magic Scroll Emporium.
 30850 | Orc:1    | Bought a scroll of enchant armour for 75 gold pieces
 30850 | Orc:1    | Bought a scroll of enchant weapon for 75 gold pieces
 31999 | Orc:2    | Reached XP level 17. HP: 120/120 MP: 17/17
 32072 | Orc:2    | Found Muutic's Antique Armour Shoppe.
 32073 | Orc:2    | Found Hoodamm's Antique Weapon Emporium.
 32076 | Orc:2    | Found Nimivadwo's General Store.
 32076 | Orc:2    | Found Ytoqobar's Jewellery Shoppe.
 32088 | Orc:2    | Bought a glowing plate armour for 728 gold pieces
 32119 | Orc:2    | Bought a scroll of enchant armour for 112 gold pieces
 32438 | Orc:2    | Bought an uncursed ring of protection from fire for 400
                  | gold pieces
 32689 | Shoals:1 | Entered Level 1 of the Shoals
 32886 | Shoals:1 | Noticed Frances
 32903 | Lair:4   | Killed Frances
 34130 | Shoals:1 | Received a gift from Okawaru
 34550 | Shoals:1 | Reached skill level 20 in Maces & Flails
 35546 | Shoals:2 | Noticed a kraken
 35607 | Shoals:3 | Noticed Ilsuiw
 35623 | Shoals:2 | Killed Ilsuiw
 35801 | Shoals:4 | Entered Level 4 of the Shoals
 35910 | Shoals:4 | HP: 3/120 [merfolk/+0 trident (9)]
 35934 | Shoals:4 | HP: 2/120 [sea snake (8)]
 35935 | Shoals:4 | Slain by a sea snake

Illustrated notes

Levels and vault maps discovered:
D:1:      wander_arrival_estate, layout_rooms
D:2:      layout_loops_ring, minitemple, minmay_circle_x, uniq_jessica,
          uniq_sigmund, uniq_natasha
D:3:      layout_loops_ring
D:4:      layout_rooms, first_ration, uniq_grinder
D:5:      layout_loops_ring, grunt_temple_overflow_open, nicolae_alphabet_shops,
          uniq_duvessa, uniq_crazy_yiuf_cottage
D:6:      layout_rooms, minmay_temple_entry_sparse_star, serial_shops,
          nicolae_shop_stone, biasface_ghost_orc_armoury, uniq_eustachio
D:7:      layout_gridville, basic_altar, serial_shops, shop,
          kennysheep_nondescript, chequers_serial_rivers_micro_c
D:8:      layout_rooms, gup_ossuary_entry_pyramid, uniq_grum
D:9:      layout_long_grid, erik_orc_1, grunt_livestock, xom_shifter_show,
          uniq_erolcha
D:10:     layout_roguey, serial_shops, nicolae_shop_overgrown_old_shop,
          nicolae_wwwww, minivault_4
D:11:     layout_cave_pools, dpeg_lair_monsters, serial_shops,
          nicolae_shop_stone, minmay_statue_crystal_thing
D:12:     layout_basic, gauntlet_entry_generic, uniq_maurice
D:13:     layout_loops_ring, lightli_vaults_fourway_checkpoint,
          kennysheep_just_a_vault, uniq_snorg, uniq_urug
D:14:     layout_rooms, small_statue_intersection
D:15:     grunt_enter_depths_snipers, layout_loops_ring,
          nicolae_tso_carved_into_rock, kennysheep_treasure_room
Temple:   minmay_freezing_vapour_temple
Lair:1:   layout_roguey, grunt_megastairs_1, lemuel_fruit_tree,
          lemuel_fruit_fields
Lair:2:   layout_chaotic_city, basic_altar, portal_ice_cave_demonic_guard,
          grunt_megastairs_4
Lair:3:   layout_gridlike, beast_lair_carwin_11
Lair:4:   wad_woods_structure_01, layout_regular_city,
          minmay_shoals_entry_lonely_mermaid, lemuel_oklob_altar,
          minmay_lair_oklob_chamber, uniq_nessos
Lair:5:   layout_cave_pods, cheibrodos_lair_reptile_den
Lair:6:   minmay_lair_end_frog_pond, layout_misc_corridors, slime_altar_1,
          ebering_ghost_rock_garden
Shoals:1: layout_shoals, nicolae_shoals_water_shrine, uniq_frances
Shoals:2: layout_shoals
Shoals:3: layout_shoals, lightli_airlock, uniq_ilsuiw
Shoals:4: shoals_end_grunt_garden, layout_shoals, serial_shops, shop_statue
Orc:1:    layout_caves, serial_shops, shop, shop, shop, shop, uniq_harold
Orc:2:    st_orc_congregation, layout_diamond_mine,
          nicolae_volcano_entry_lava_flow
Depths:1: layout_honeycomb, enter_ziggurat_c, abyss_entry_flame_altar,
          serial_shops, shop, hellmouth_3, okawaru_ov_weapons_minmay,
          minmay_checkered_concentric_circles
Depths:2: hangedman_spin_cycle, serial_shops, hell_entry

Skill      XL: |  1  2  3  4  5  6  7  8  9 10 11 12 13 14 15 16 17 |
---------------+----------------------------------------------------+-----
Maces & Flails | 3 4 6 7 8 9 11 12 14 15 16 18 19 20 | 20.1
Fighting       | 5 8 10 12 13 15 16 17 18 | 18.7
Shields        | 5 7 |  7.1
Armour         | 4 5 6 7 8 9 10 11 13 14 | 14.0
Evocations     | |  0.1

Action                   |  1- 3 |  4- 6 |  7- 9 | 10-12 | 13-15 | 16-18 || total
-------------------------+-------+-------+-------+-------+-------+-------++-------
Melee: Flail             |    94 |   227 |   148 |       |       |       ||   469
       Morningstar       |       |       |   146 |       |       |       ||   146
       Great mace        |       |       |   112 |   454 |   883 |   669 ||  2118
Invok: Heroism           |       |       |       |     1 |       |       ||     1
 Abil: Fly               |       |       |       |       |       |     1 ||     1
Evoke: Wand              |       |       |       |       |     2 |     3 ||     5
  Use: Scroll            |       |     1 |    19 |     2 |     6 |     9 ||    37
       Potion            |       |       |     5 |     3 |       |     7 ||    15
  Eat: Chunk             |     1 |     2 |       |     5 |     3 |    13 ||    24
       Ration            |       |     2 |     4 |     6 |    10 |     5 ||    27
Armor: Scale mail        |    79 |   128 |   284 |   428 |   430 |    73 ||  1422
       Chain mail        |       |       |     9 |       |   106 |   401 ||   516
Dodge: Dodged            |    29 |    64 |   195 |   309 |   356 |   237 ||  1190
Block: Kite shield       |    68 |   122 |   181 |       |       |       ||   371
       Other             |       |       |       |    66 |   186 |   125 ||   377
       Reflection        |       |       |       |     3 |     5 |    14 ||    22
